 Dungeon Crawl Stone Soup version 0.26.0-16-gc1dbca0489 (webtiles) character file.

Game seed: 9879916511569965385

58 EnegeticOcto the Sneak (level 3, -1/33 HPs)
             Began as a Deep Dwarf Delver on Jan 20, 2021.
             Killed from afar by an orc wizard (5 damage)
             ... with a magic dart
             ... on level 4 of the Dungeon.
             The game lasted 00:00:41 (62 turns).

EnegeticOcto the Sneak (Deep Dwarf Delver)            Turns: 62, Time: 00:00:41

Health: -1/33      AC:  3    Str: 16    XL:     3   Next: 76%
Magic:  2/2        EV: 12    Int: 10    God:
Gold:   0          SH:  0    Dex: 14    Spells: 2/2 levels left

rFire    . . .     SeeInvis .   a - +0 hand axe
rCold    . . .     Faith    .   (no shield)
rNeg     . . .     Spirit   .   b - +0 leather armour
rPois    .         Reflect  .   (no helmet)
rElec    .         Harm     .   (no cloak)
rCorr    .         Rampage  .   (no gloves)
Will     .....                  (no boots)
Stlth    +++.......             (no amulet)
HPRegen  0.00/turn              (no ring)
MPRegen  0.08/turn              (no ring)

@: lethally poisoned (-1 -> -1), non-regenerating
A: damage resistance, heal wounds, sense surroundings 1, no regeneration
a: Heal Wounds


You were on level 4 of the Dungeon.
You visited 1 branch of the dungeon, and saw 2 of its levels.

Inventory:

Hand Weapons
 a - a +0 hand axe (weapon)
Armour
 b - a +0 leather armour (worn)
Wands
 g - a wand of digging (3) {@v3}
Scrolls
 c - a scroll of fog {!r}
 d - a scroll of magic mapping {@r5 !r}
 e - a scroll of fear {!r}
Potions
 f - a potion of haste {@q4 !q}


   Skills:
 - Level 2.6 Fighting
 + Level 4.6 Axes
 - Level 2.1 Dodging
 - Level 6.0 Stealth


You had 2 spell levels left.
You didn't know any spells.
Your spell library was empty.

Dungeon Overview and Level Annotations

Branches:
Dungeon (5/15)
 Temple: D:4-7

Altars:


Innate Abilities, Weirdness & Mutations

You are resistant to damage.
You can heal yourself by infusing magical energy.
You passively map a small area around you.
You do not regenerate.


Message History

You hit the iguana.
The iguana is moderately wounded.
You hit the worm. The iguana bites you.
You barely miss the iguana.
The iguana is moderately wounded.
You hit the worm. You hit the orc wizard. The iguana misses you.
The worm barely misses you. The orc wizard barely misses you.
You closely miss the iguana.
The iguana is moderately wounded.
You hit the worm.
Your leather armour prevents you from hitting the orc wizard.
The iguana barely misses you.
The orc wizard gestures at you while chanting.
The puff of frost misses you.
The orc wizard shouts!
You closely miss the iguana.
The iguana is moderately wounded.
You hit the orc wizard. You hit the worm. The iguana closely misses you.
The worm barely misses you.
The orc wizard mumbles some strange words.
The orc wizard seems to speed up.
The iguana bites you!
You hit the iguana.
The iguana is moderately wounded.
You hit the orc wizard. You hit the worm.
The orc wizard hits you with a +0 dagger.
The iguana bites you!
* * * LOW HITPOINT WARNING * * *
The worm barely misses you.
The orc wizard hits you but does no damage.
Your magical essence is drained by the effort!
You feel much better.
The orc wizard hits you with a +0 dagger.
The orc priest begins to cast a cantrip, but forgets the words!
The iguana barely misses you.
The orc wizard hits you with a +0 dagger.
You barely miss the orc wizard.
The orc wizard is heavily wounded.
You hit the iguana but do no damage. You barely miss the worm.
You miss the orc wizard. The orc wizard closely misses you. The worm bites you!
The iguana barely misses you.
The orc wizard hits you with a +0 dagger.
The orc wizard gestures at you while chanting.
You are confused.
You barely miss the iguana.
The iguana is moderately wounded.
You hit the orc wizard but do no damage.
You miss the orc wizard. You closely miss the worm.
The orc wizard looks encouraged for a moment.
The iguana bites you but does no damage.
The orc wizard hits you with a +0 dagger.
You miss the iguana.
The iguana is moderately wounded.
You hit the orc wizard but do no damage.
You closely miss the orc wizard. You completely miss the worm.
The orc wizard barely misses you.
The orc wizard casts a spell.
The orc wizard seems to speed up.
The worm bites you but does no damage.
The orc priest looks satisfied for a moment.
The iguana bites you!
The orc wizard hits you with a +0 dagger. x2
You barely miss the orc wizard.
The orc wizard is heavily wounded.
You miss the orc wizard. You closely miss the worm.
You hit the iguana but do no damage.
You are no longer poisoned.
The orc wizard mumbles some strange words.
The orc wizard blinks!
The orc wizard barely misses you. The iguana misses you.
The orc wizard barely misses you. The worm closely misses you.
You are too confused!
You barely miss the worm.
The worm is severely wounded.
You hit the iguana. You closely miss the orc wizard. You miss the orc wizard.
You closely miss the orc priest.
The orc wizard hits you but does no damage.
The orc priest hits you but does no damage.
You are poisoned.
The orc wizard closely misses you. The iguana closely misses you.
The orc wizard completely misses you.
You hit the orc priest.
The orc priest is moderately wounded.
You barely miss the worm. You closely miss the iguana.
You closely miss the orc wizard. x2
The orc wizard looks encouraged for a moment.
The orc priest hits you with a +0 dagger of venom!
The iguana misses you. The worm bites you!
* * * LOW HITPOINT WARNING * * *
The orc wizard barely misses you. The orc wizard misses you.
Okay, then.
You barely miss the orc priest.
The orc priest is moderately wounded.
You closely miss the worm. You hit the iguana. You hit the orc wizard.
You closely miss the orc wizard.
You feel less confused.
The orc priest hits you but does no damage.
You are more poisoned.
The orc wizard looks braver for a moment.
The iguana closely misses you. The orc wizard casts a spell at you.
The magic dart hits you.
You die...

, ##.....##..#*
* , ,,
#....###.## **
* #........# **
* ,, #....#####
* * ,#..### *,
, * * *^ , #..#
, , ,
#########.<# ,
* #.ol##$..###
, , *
#.##@w.#.#
,.o,#ooo.#.# **
, * ...
#..o.##.#* * ,
..#.....###..#*
* # ...... .$.
** , * , ,
..#####, ..#* ,
# ..## * * * ,


You could see a worm, an iguana, an orc priest, 3 orc wizards and an orc.

Vanquished Creatures
  A howler monkey (D:4)
  2 adders (D:4)
3 creatures vanquished.

Notes
Turn   | Place    | Note
-------+----------+-------------------------------------------
     0 | D:5      | EnegeticOcto the Deep Dwarf Delver began the quest for the
                  | Orb.
     0 | D:5      | Reached XP level 1. HP: 20/20 MP: 1/1
    19 | D:4      | Reached skill level 3 in Axes
    19 | D:4      | Reached XP level 2. HP: 17/27 MP: 2/2
    19 | D:4      | Noticed a howler monkey
    47 | D:4      | Killed a howler monkey
    48 | D:4      | Reached skill level 4 in Axes
    48 | D:4      | Reached XP level 3. HP: 12/33 MP: 3/3
    55 | D:4      | Your magical essence is drained by the effort!
    62 | D:4      | Killed from afar by an orc wizard

Illustrated notes

Levels and vault maps discovered:
D:4:      layout_rooms, kennysheep_okawaru_gauntlet,
          nicolae_ru_the_path_less_chosen
D:5:      layout_loops_cross, gammafunk_temple_overflow_elements, serial_shops,
          shop

Skill      XL: |  1  2 |
---------------+-------+-----
Axes           | 3 4 |  4.6
Fighting       | |  2.6
Dodging        | |  2.1
Stealth        | |  6.0

Action                   || total
-------------------------++-------
Melee: Hand axe          ||    37
 Abil: Heal Wounds       ||     3
 Stab: Sleeping          ||     1
Armor: Leather armour    ||    12
Dodge: Dodged            ||    44
